Map: Neon Violet Square LE

Players

Dessa - Winner!

  • Race: Zerg Zerg
  • League: Diamond
  • Spawn Location: 5:00

Belstaff

  • Race: Zerg Zerg
  • League: Diamond
  • Spawn Location: 11:00

VOD

Have the link to the VOD?

Description

Time

  • Played on: Jan. 20, 2018, 2:43 p.m.
  • Length: 16:53
Show
View Real Time Build Order
Export as new Build Order

Dessa Zerg - Winner!

Build Orders: Pool First, Lurkers, Zergling Baneling 

Get SALT Encoding   

  12  0:00  Drone  
  13  0:14  Overlord  
  13  0:18  Drone  
  14  0:32  Drone x2  
  16  0:36  Drone  
  16  0:40  Extractor  
  16  0:46  Drone  
  17  0:53  Spawning Pool  
  16  0:57  Drone  
  17  1:19  Hatchery  
  17  1:23  Drone  
  17  1:28  Drone  
  18  1:36  Drone  
  19  1:41  Metabolic Boost  
  19  1:47  Overlord  
  19  1:57  Queen  
  21  2:07  Baneling Nest  
  21  2:08  Drone  
  21  2:12  Zergling x2  
  22  2:19  Zergling x2  
  23  2:26  Zergling x2  
  24  2:31  Queen  
  24  2:34  Zergling x2  
  27  2:47  Zergling x4  
  29  2:52  Zergling x2  
  29  3:28  Zergling x4  
  29  3:29  Zergling x4  
  34  3:34  Drone x3, Overlord  
  34  3:37  Baneling x5  
  36  4:03  Drone x3  
  34  4:23  Zergling x10  
  34  4:24  Zergling x4  
  40  4:28  Zergling x2  
  37  4:40  Drone x5  
  42  4:49  Drone  
  43  4:55  Baneling x4  
  43  4:56  Hatchery  
  42  5:01  Drone x2  
  43  5:11  Overlord  
  43  5:13  Extractor  
  42  5:17  Extractor x2  
  40  5:24  Drone x2  
  40  5:25  Drone, Overlord  
  43  5:30  Lair, Roach Warren  
  43  5:31  Drone x3  
  43  5:32  Drone  
  46  5:37  Drone  
  46  5:39  Overlord  
  47  5:43  Drone x2  
  47  5:44  Drone  
  47  5:45  Drone x3  
  53  5:57  Evolution Chamber x2  
  51  6:04  Drone x3  
  51  6:07  Drone  
  51  6:08  Queen  
  51  6:11  Drone  
  58  6:13  Overlord  
  58  6:19  Drone x2  
  58  6:20  Drone  
  58  6:22  Drone  
  62  6:28  Zerg Missile Weapons Level 1  
  62  6:30  Zerg Ground Armor Level 1  
  62  6:32  Drone  
  63  6:34  Roach  
  63  6:37  Roach  
  67  6:41  Roach x2  
  67  6:44  Roach  
  73  6:47  Roach  
  73  6:49  Roach  
  73  6:51  Roach  
  81  6:54  Roach  
  81  6:58  Overlord  
  81  7:14  Queen  
  81  7:16  Queen  
  81  7:22  Zergling x4  
  81  7:23  Zergling x8  
  81  7:26  Roach x2  
  81  7:27  Overlord  
  89  7:39  Overlord  
  89  7:45  Roach  
  89  7:47  Roach x3  
  96  8:01  Roach x5  
  96  8:02  Overlord x2  
  106  8:08  Baneling  
  106  8:09  Baneling x8  
  106  8:10  Baneling, Overlord x2  
  104  8:36  Zerg Ground Armor Level 2, Zerg Missile Weapons Level 2  
  104  8:37  Glial Reconstitution  
  101  8:46  Roach x9  
  118  8:50  Roach x3  
  118  8:55  Roach x4  
  132  9:03  Zergling x6  
  132  9:04  Zergling x4  
  137  9:13  Overlord x2  
  137  9:22  Overlord x2  
  137  9:25  Overlord  
  131  9:38  Roach x3  
  131  9:39  Roach x4  
  131  9:43  Queen  
  133  10:03  Roach x3  
  133  10:04  Roach x7  
  151  10:08  Queen  
  151  10:13  Ravager x2  
  151  10:14  Ravager x7  
  160  10:15  Ravager  
  163  10:33  Overseer  
  163  10:45  Roach x2  
  163  10:46  Roach  
  163  10:49  Overlord x2  
  124  11:11  Roach x3  
  124  11:12  Roach x7  
  123  11:20  Drone  
  123  11:21  Drone x3  
  123  11:25  Extractor x2  
  125  11:40  Hydralisk Den  
  124  12:03  Infestation Pit  
  123  12:10  Hatchery  
  123  12:12  Drone x2  
  123  12:13  Drone x4  
  123  12:14  Drone x2  
  130  12:27  Muscular Augments  
  131  12:30  Drone x2, Lurker Den  
  131  12:31  Extractor, Hydralisk x4  
  131  12:32  Extractor, Hydralisk x6  
  149  12:43  Pneumatized Carapace  
  149  12:45  Hive  
  149  12:59  Overlord x2  
  149  13:09  Drone x3  
  149  13:10  Drone  
  153  13:17  Hatchery  
  153  13:19  Drone  
  154  13:20  Drone x2, Overlord  
  154  13:23  Hydralisk x3  
  154  13:24  Hydralisk x3  
  167  13:40  Overlord x2  
  167  13:43  Queen  
  169  13:56  Zerg Ground Armor Level 3, Zerg Missile Weapons Level 3  
  169  13:57  Adaptive Talons  
  169  14:00  Lurker x2  
  169  14:01  Lurker x3  
  174  14:08  Lurker  
  165  14:49  Ravager x4  
  169  15:06  Hydralisk x2  
  169  15:07  Roach x4, Hydralisk x4  
  171  15:08  Roach x2  
  125  15:28  Hydralisk  
  125  15:29  Roach x3, Hydralisk x6  
  125  15:30  Roach x4  
  125  15:32  Lurker  
  125  15:33  Lurker  
  155  15:52  Queen  
  135  16:12  Lurker x3  
  135  16:13  Lurker x4  
  135  16:17  Zergling x14  
  135  16:18  Zergling x16  
Show
View Real Time Build Order
Export as new Build Order

Belstaff Zerg 

Build Orders: Hatch First, Lurkers 

Get SALT Encoding   

  12  0:01  Drone  
  13  0:08  Drone  
  14  0:18  Overlord  
  14  0:36  Drone x3  
  17  0:49  Drone  
  18  0:57  Hatchery  
  18  1:00  Drone  
  18  1:04  Extractor  
  17  1:17  Spawning Pool  
  16  1:19  Drone  
  16  1:22  Drone  
  18  1:31  Drone  
  19  1:48  Drone  
  20  1:54  Drone  
  21  2:03  Overlord  
  21  2:08  Queen  
  21  2:09  Queen  
  21  2:11  Drone  
  26  2:16  Drone  
  26  2:20  Zergling x2  
  28  2:31  Drone  
  28  2:32  Drone  
  28  2:35  Drone  
  31  2:43  Drone  
  32  2:53  Queen  
  34  3:08  Evolution Chamber  
  34  3:09  Evolution Chamber  
  34  3:11  Roach Warren  
  30  3:20  Spine Crawler  
  30  3:23  Drone  
  30  3:24  Drone x6  
  30  3:26  Overlord x2  
  36  3:45  Drone x5  
  41  3:48  Extractor  
  41  3:49  Drone  
  41  3:50  Extractor  
  41  3:51  Extractor  
  41  3:52  Drone  
  41  3:53  Drone x2  
  42  4:02  Roach x2  
  46  4:04  Lair  
  46  4:09  Zerg Missile Weapons Level 1  
  44  4:22  Roach  
  44  4:23  Roach x3  
  50  4:30  Roach  
  47  4:42  Drone  
  47  4:43  Drone  
  47  4:44  Drone x2  
  47  4:45  Drone  
  52  4:54  Zerg Ground Armor Level 1  
  52  4:57  Overlord x2  
  52  5:08  Overlord x2  
  52  5:09  Overlord x2  
  52  5:14  Queen  
  52  5:16  Queen  
  56  5:31  Roach x4  
  64  5:38  Drone  
  64  5:39  Drone  
  66  5:49  Drone x2  
  68  5:59  Ravager  
  68  6:01  Roach x2  
  73  6:05  Glial Reconstitution  
  73  6:13  Queen  
  73  6:15  Roach x2  
  73  6:16  Zerg Missile Weapons Level 2  
  79  6:20  Roach  
  81  6:29  Hatchery  
  80  6:33  Roach  
  80  6:34  Roach x6  
  94  6:41  Roach  
  94  6:46  Roach  
  98  6:52  Roach  
  100  6:56  Overlord  
  100  7:02  Overlord x3  
  100  7:22  Roach x5  
  106  7:41  Roach x2  
  110  7:44  Zerg Ground Armor Level 2  
  110  7:48  Roach x3  
  116  8:00  Ravager  
  116  8:03  Roach  
  116  8:04  Roach x6  
  131  8:06  Overlord x3  
  131  8:17  Roach x3  
  131  8:19  Overlord  
  137  8:34  Roach x5  
  147  8:47  Ravager x2  
  150  8:48  Ravager  
  150  8:49  Ravager  
  150  8:52  Roach x5  
  161  8:56  Drone x2  
  163  9:12  Drone x2  
  163  9:13  Drone x4  
  163  10:02  Roach x3  
  163  10:04  Overlord x2  
  163  10:05  Overlord x3  
  163  10:06  Overlord  
  169  10:09  Drone  
  169  10:12  Extractor x2  
  168  10:18  Infestation Pit  
  167  10:34  Pneumatized Carapace  
  167  10:36  Roach  
  167  10:37  Roach x9  
  92  11:20  Roach x9  
  105  11:32  Drone  
  106  11:34  Hydralisk Den  
  106  11:35  Drone  
  106  11:36  Drone  
  107  11:52  Extractor  
  107  11:53  Hatchery  
  105  11:57  Extractor  
  104  12:04  Roach  
  104  12:06  Hydralisk x8  
  122  12:10  Lurker Den  
  121  12:24  Roach x3  
  127  12:36  Muscular Augments  
  127  12:39  Hive  
  127  12:51  Overlord x2  
  127  12:52  Overlord x3  
  127  13:00  Roach  
  127  13:01  Roach x6  
  141  13:14  Hydralisk  
  141  13:15  Hydralisk x5  
  153  13:25  Drone x3  
  153  13:26  Drone  
  157  13:39  Lurker  
  157  13:40  Lurker x6  
  157  13:41  Lurker x2  
  166  13:42  Drone x9  
  175  13:54  Zerg Missile Weapons Level 3  
  175  13:56  Zerg Ground Armor Level 3  
  175  14:00  Drone x3  
  175  14:02  Drone  
  179  14:03  Drone  
  179  14:05  Drone  
  169  14:40  Roach x3  
  169  14:41  Roach x4, Hydralisk x5  
  169  14:42  Hydralisk x3  
  199  14:51  Overlord x2  
  199  14:53  Overseer x2  
  179  15:09  Roach  
  179  15:10  Roach x3  
  131  15:29  Roach x7  
  131  15:30  Roach x5  
  131  15:33  Hydralisk x2  
  159  15:37  Ravager x3  
  159  15:38  Ravager  
  159  15:39  Ravager  
  89  16:11  Roach x11  
  87  16:12  Roach x2  
  87  16:14  Overlord  
  109  16:30  Spire  
Tags
 
Add a new tag
Caveats
  • Supply blocks, unpowered buildings, or Contaminate may cause inaccurate times.
  • Supply counts are checked every 10 seconds.